 Dungeon Crawl Stone Soup version 0.32-a0-913-g739538afd8 (webtiles) character file.

Game seed: 592011882290875793

91 gohu the Chopper (level 4, -2/40 HPs)
             Began as a Mountain Dwarf Fighter on Apr 7, 2024.
             Killed by nerve-wracking pain
             ... invoked by an orc priest
              (13 damage)
             ... on level 3 of the Dungeon.
             The game lasted 00:02:13 (1825 turns).

gohu the Chopper (Mountain Dwarf Fighter)           Turns: 1825, Time: 00:02:13

Health: -2/40      AC:  7    Str: 20    XL:     4   Next: 34%
Magic:  4/4        EV:  8    Int:  9    God:
Gold:   124        SH:  4    Dex:  9    Spells: 3/3 levels left

rFire   . . .        a - +0 war axe
rCold   . . .        c - +0 buckler
rNeg    . . .        b - +0 scale mail
rPois   .            (no helmet)
rElec   .            (no cloak)
rCorr   +            (no gloves)
SInv    .            (no boots)
Will    .....        (no amulet) Stlth
                     m - ring of resist corrosion
HPRegen 0.26/turn    (no ring)
MPRegen 0.09/turn

%: no passive effects
@: no status effects
A: runic magic, artefact enchanting
a: Convert to Beogh


You were on level 3 of the Dungeon.
You visited 1 branch of the dungeon, and saw 3 of its levels.

You collected 124 gold pieces.

Inventory:

Hand Weapons
 a - a +0 war axe (weapon)
Missiles
 k - a throwing net (quivered)
Armour
 b - a +0 scale mail (worn)
 c - a +0 buckler (worn)
Jewellery
 m - a ring of resist corrosion (left hand)
Wands
 p - a wand of charming (8)
Scrolls
 e - a scroll of blinking {unknown}
 g - a scroll of vulnerability {unknown}
 i - 2 scrolls of fear {unknown}
 j - 3 scrolls of identify {unknown}
 l - a scroll of revelation {unknown}
 n - a scroll of teleportation {unknown}
 q - a scroll of amnesia {unknown}
 r - a scroll of enchant weapon {unknown}
Potions
 d - a potion of might
 f - 2 potions of invisibility {unknown}
 h - a potion of haste {unknown}
 o - a potion of mutation {unknown}


   Skills:
 + Level 3.7 Fighting
 * Level 4.4 Axes
 + Level 3.8 Armour
 + Level 3.7 Shields


You had 3 spell levels left.
You didn't know any spells.
Your spell library was empty.

Dungeon Overview and Level Annotations

Branches:
Dungeon (3/15)

Altars:

Annotations:
D:2 1 runed translucent door, Crazy Yiuf


Innate Abilities, Weirdness & Mutations

Your spellcasting is much less encumbered by armour.
You can use scrolls of enchantment on lesser artefacts.


Message History

The orc priest casts a cantrip, but nothing happens.
An orc priest is nearby!
You see here a frilled lizard corpse.
There is an open door, spattered with blood here.
You closely miss the orc priest.
The orc priest hits you with a +0 short sword.
The orc priest invokes the aid of Beogh against you.
Pain shoots through your body!
The orc priest shouts, "Surrender to Beogh and we'll let you live!" (press Y on the ability menu to convert to Beogh)
You closely miss the orc priest. The orc priest completely misses you.
You slash the orc priest!
The orc priest is almost dead.
The orc priest shouts, "The Pantheon deserves no one's loyalty.
Let us show you the true path!"
The orc priest hits you with a +0 short sword.
You completely miss the orc priest.
The orc priest is almost dead.
The orc priest hits you with a +0 short sword.
You are too injured to fight recklessly!
You are too injured to fight recklessly!
You are too injured to fight recklessly!
You are too injured to fight recklessly!
You are too injured to fight recklessly!
You are too injured to fight recklessly!
You are too injured to fight recklessly!
You are too injured to fight recklessly!
You are too injured to fight recklessly!
You are too injured to fight recklessly!
You are too injured to fight recklessly!
You closely miss the orc priest.
The orc priest is almost dead.
The orc priest invokes the aid of Beogh against you.
Beogh smites you!
* * * LOW HITPOINT WARNING * * *
The orc priest completely misses you.
You closely miss the orc priest.
The orc priest is almost dead.
The orc priest invokes the aid of Beogh against you.
Pain shoots through your body!
You die...

.............#
.............#
.....†.......+ ######
##........)†)#+#......
#.......†............
#....................
#......#####.........
#......# ##'#######
######.# #.o@...<# ..#
######### #


You could see an orc priest.

Vanquished Creatures
  2 adders (D:3)
  A dart slug (D:1)
  A ribbon worm (D:2)
  3 ball pythons (D:1)
  2 bats
  2 endoplasms (D:1)
  13 giant cockroaches
  7 goblins
  6 hobgoblins
  7 jackals (D:1)
  6 kobolds
  A quokka (D:3)
  3 frilled lizards
  5 rats (D:1)
59 creatures vanquished.

Notes
Turn   | Place    | Note
-------+----------+-------------------------------------------
     0 | D:1      | gohu the Mountain Dwarf Fighter began the quest for the
                  | Orb.
     0 | D:1      | Reached XP level 1. HP: 19/19 MP: 1/1
   170 | D:1      | Reached XP level 2. HP: 26/26 MP: 2/2
   192 | D:1      | Reached skill level 3 in Axes
   412 | D:1      | Reached XP level 3. HP: 31/31 MP: 3/3
  1009 | D:2      | Identified the +6 short sword "Pootee Onyli" {freeze, rF+
                  | Str+4}
  1193 | D:2      | Reached skill level 4 in Axes
  1371 | D:2      | Reached XP level 4. HP: 38/40 MP: 4/4
  1475 | D:2      | Found a runed translucent door.
  1476 | D:2      | Noticed Crazy Yiuf
  1825 | D:3      | Killed from afar by an orc priest

Illustrated notes

Levels and vault maps discovered:
D:1:      minmay_arrival_diagonal_passages, layout_loops_ring,
          amcnicky_mini_corridor_feature
D:2:      minmay_roachtagon, layout_loops_ring, uniq_crazy_yiuf_cottage
D:3:      layout_basic, mainiacjoe_overflow_boulevard

Skill      XL: |  1  2  3 |
---------------+----------+-----
Axes           | 3 4 |  4.4
Fighting       | |  3.7
Armour         | |  3.8
Shields        | |  3.7

Action                     |  1- 3 |  4- 6 || total
---------------------------+-------+-------++-------
  Melee: War axe           |   186 |    35 ||   221
 Armour: Scale mail        |   149 |    21 ||   170
  Dodge: Dodged            |    82 |    15 ||    97
  Block: Buckler           |    25 |     9 ||    34

Table legend: (Time is in decaauts)
 A = Elapsed time spent in this place.
 B = Non-inter-level travel time spent in this place.
 C = Inter-level travel time spent in this place.
 D = Time resting spent in this place.
 E = Time spent auto-exploring this place.
 F = Levels seen in this place.
 G = Mean time per level.
                   A        B        C        D        E       F      G
               +--------+--------+--------+--------+--------+-----+--------+
         Total |   1901 |   1827 |     74 |      0 |   1356 |   3 |  633.7 |
       Dungeon |   1901 |   1827 |     74 |      0 |   1356 |   3 |  633.7 |
               +--------+--------+--------+--------+--------+-----+--------+

Top non-repeatable levels by time:
     D:2: 888 daAuts
     D:1: 854 daAuts
     D:3: 158 daAuts
